 Dungeon Crawl Stone Soup version 0.31-a0-1576-ga3383bade6 (webtiles) character file.

Game seed: 2137500683899032775

231106 dialectric the Shatterer (level 18, -3/163 (176) HPs)
             Began as a Minotaur Fighter on Jan 4, 2024.
             Was the Champion of Jiyva.
             Killed from afar by a living spell (6 damage)
             ... with an iceblast
             ... summoned by a walking frostbound tome
             ... on level 2 of the Depths.
             The game lasted 00:49:29 (24788 turns).

dialectric the Shatterer (Minotaur Fighter)        Turns: 24788, Time: 00:49:30

HP:   -3/163 (176)  AC: 29    Str: 36    XL:     18   Next: 49%
MP:   17/17         EV: 29    Int:  4    God:    Jiyva [******]
Gold: 2314          SH:  0    Dex: 12    Spells: 17/17 levels left

rFire   + . .        O - +2 great mace (flame)
rCold   + . .        (shield currently unavailable)
rNeg    . . .        A - +0 gold dragon scales
rPois   +            (helmet restricted)
rElec   .            Z - +3 cloak of Nemelex Xobeh {rPois Str+4 Stlth+}
rCorr   +            v - +0 pair of gloves
SInv    .            r - +2 pair of boots
Will    +....        M - amulet of the acrobat Stlth
                     b - +5 ring of evasion
HPRegen 2.07/turn    F - +4 ring of slaying
MPRegen 0.95/turn

%: acrobat
@: acrobatic, studying Axes, drained
A: horns 2, retaliatory headbutt, hooves 1, thin skeletal structure 1, strong 1,
eyeballs 1, pseudopods 1, translucent skin 3, jelly absorbing missiles,
MP-powered wands, engulf
}: 1/15 runes: slimy
a: Renounce Religion, Oozemancy, Slimify


You were on level 2 of the Depths.
You worshipped Jiyva.
Jiyva was exalted by your worship.
You visited 10 branches of the dungeon, and saw 37 of its levels.
You visited the Abyss 1 time.
You also visited: Ice Cave.

You collected 3076 gold pieces.
You spent 762 gold pieces at shops.

Inventory:

Hand Weapons
 s - a +3 dire flail of protection
 H - a +3 whip of venom
 O - a +2 great mace of flaming (weapon)
 P - the +4 trident of the New World {elec, rPois SInv}
   (You found it on level 5 of the Pits of Slime)

   rPois:     It protects you from poison SInv: It lets you see invisible.
Missiles
 w - 3 throwing nets
 S - 13 curare-tipped darts (quivered)
Armour
 e - a +0 hat
 r - a +2 pair of boots (worn)
 v - a +0 pair of gloves (worn)
 x - +0 fire dragon scales
 A - +0 gold dragon scales (worn)
 Z - the +3 cloak of Nemelex Xobeh (worn) {rPois Str+4 Stlth+}
   (You found it on level 5 of the Pits of Slime)

   Str+4:     It affects your strength (+4).
   rPois:     It protects you from poison Stlth+: It makes you more stealthy.
Jewellery
 b - a +5 ring of evasion (left hand)
 g - the ring of the Enormous Pear {Int+2 SInv}
   (You found it on level 2 of the Abyss)

   [ring of see invisible]

   Int+2:     It affects your intelligence (+2).
   SInv:      It lets you see invisible.
 j - a +5 ring of evasion
 n - a +4 ring of protection
 F - a +4 ring of slaying (right hand)
 G - a ring of flight
 M - an amulet of the acrobat (around neck)
 R - a +6 ring of dexterity
 V - a +6 ring of strength
Talismans
 o - a talisman of death
Wands
 a - a wand of flame (15)
 i - a wand of paralysis (9)
 m - a wand of mindburst (16)
 u - a wand of roots (6)
 L - a wand of digging (3)
 U - a wand of quicksilver (6)
Scrolls
 f - 5 scrolls of enchant armour
 h - a scroll of immolation
 l - 3 scrolls of fog
 p - 2 scrolls of blinking
 y - 3 scrolls of enchant weapon
 B - 2 scrolls of fear
 D - 6 scrolls of poison
 N - a scroll of brand weapon
 Q - a scroll of revelation
 W - 2 scrolls of silence
 X - 6 scrolls of teleportation
Potions
 c - 2 potions of magic
 d - 7 potions of might
 k - 8 potions of curing
 q - 3 potions of ambrosia
 t - a potion of heal wounds
 z - 2 potions of attraction
 C - 2 potions of mutation
 E - a potion of enlightenment
 I - 3 potions of invisibility
 J - 3 potions of resistance
 K - 4 potions of lignification
Miscellaneous
 T - a lightning rod (4/4)
 Y - a phantom mirror


   Skills:
 + Level 19.1 Fighting
 * Level 22.2 Maces & Flails
 * Level 22.0 Armour
 - Level 4.0 Dodging
 + Level 15.6 Shields
 + Level 4.7 Evocations
 - Level 4.0 Shapeshifting


You had 17 spell levels left.
You didn't know any spells.
Your spell library contained the following spells:

 Spells                   Type           Power      Damage    Failure   Level
 Kiss of Death            Conj/Necr      0%         2d5       98%         1
 Shock                    Conj/Air       0%         1d3       98%         1
 Slow                     Hex            0%         N/A       98%         1
 Blink                    Tloc           0%         N/A       99%         2
 Cigotuvi's Dreadful Rot  Necr/Alch/Air  0%         N/A       99%         2
 Ensorcelled Hibernation  Hex/Ice        0%         N/A       99%         2
 Lesser Beckoning         Tloc           0%         N/A       99%         2
 Momentum Strike          Conj/Tloc      0%         3d8       99%         2
 Confusing Touch          Hex            0%         N/A       100%        3
 Passwall                 Erth           0%         N/A       100%        3
 Sigil of Binding         Hex            0%         N/A       100%        3
 Swiftness                Air            0%         N/A       100%        3
 Vampiric Draining        Necr           0%         2d6       100%        3
 Airstrike                Air            0%         2d(0-16)  100%        4
 Brom's Barrelling Bould  Conj/Erth      0%         2d3       100%        4
 Fulminant Prism          Conj/Alch      0%         3d5       100%        4
 Ignite Poison            Fire/Alch      0%         N/A       100%        4
 Fireball                 Conj/Fire      0%         3d3       100%        5
 Freezing Cloud           Conj/Ice/Air   0%         6-21      100%        5
 Irradiate                Conj/Alch      0%         3d11      100%        5
 Iskenderun's Battlesphe  Conj           0%         2d6       100%        5
 Conjure Ball Lightning   Conj/Air       0%         3x3d6     100%        6
 Sculpt Simulacrum        Ice/Alch       0%         N/A       100%        6
 Orb of Destruction       Conj           0%         9d5       100%        7
 Ozocubu's Refrigeration  Ice            0%         4d7       100%        7
 Infestation              Necr           0%         N/A       100%        8
 Polar Vortex             Ice            0%         N/A       100%        9


Dungeon Overview and Level Annotations

Branches:
Dungeon (15/15)            Temple (0/1) D:4            Lair (5/5) D:9
 Shoals (1/4) Lair:3        Snake (2/4) Lair:2        Slime (5/5) Lair:5
    Orc (2/2) D:9             Elf (1/3) Orc:2        Vaults (3/5) D:14
  Crypt (0/3) Vaults:3     Depths (2/4) D:15           Hell (visited)
  IceCv (visited)
    Dis: Hell:1         Geh: Hell:1         Coc: Hell:1         Tar: Hell:1

Altars:
Ashenzari
Hepliaklqana
Kikubaaqudgha
Ru
Sif Muna
Trog
Uskayaw
Vehumet
Yredelemnul
Zin
The Shining One
Jiyva

Shops:
D:2 [   D:11 (   D:15 =   Orc:2 [:*(   Snake:1 ?:(   Depths:1 (

Portals:
Hell: Depths:1 Depths:2

Annotations:
D:3 2 transporters
D:7 2 transporters, Aldia's ghost, novice DECj
Lair:1 exclusion: oklob plant
Lair:3 2 transporters, Sitazake's ghost, journeyman TrWr
Slime:5 Royal Jelly
Vaults:3 Joextigh's ghost, veteran KoHu
Hell Geryon


Innate Abilities, Weirdness & Mutations

You have a pair of horns on your head.
You reflexively headbutt those who attack you in melee.
You have large cloven feet.
You have a somewhat thin skeletal structure. (Dex +2, Stealth+)
Your muscles are strong. (Str +4, Int/Dex -1)
Your body has grown eyes which may confuse attackers. (Acc +3)
Armour fits poorly on your pseudopods.
Your transparent skin significantly reduces your foes' accuracy. (Stealth+)
You have a small jelly attached to you that may absorb projectiles.
You expend magic power (3 MP) to strengthen your wands.
Your melee attacks may engulf your foes in ooze.


Message History

The frost giant is moderately wounded.
You thump the frost giant! You burn the frost giant.
You headbutt the frost giant!!
You bludgeon the frost giant, but do no damage.
The frost giant is heavily wounded.
The frost giant hits you with a +0 battleaxe of freezing!
The frost giant freezes you.
The walking frostbound tome erupts in a flurry of living spells!
You barely miss the frost giant.
The frost giant is heavily wounded.
The frost giant misses you.
You sock the frost giant! You burn the frost giant.
You bludgeon the frost giant.
The frost giant is severely wounded.
Unknown command.
Unknown command.
You bludgeon the frost giant!! You burn the frost giant!
You kill the frost giant!
The living spell casts itself at you.
The mass of ice explodes!
The iceblast engulfs you!!! You partially resist.
* * * LOW HITPOINT WARNING * * *
You shudder from the blast and a jelly pops out!
The iceblast engulfs your azure jelly!!
Your azure jelly partially resists.
You hear a shout! x3
The walking frostbound tome erupts in a flurry of living spells!
Things that are here:
a +0 battleaxe of freezing; a frost giant corpse Unknown command.
Unknown command.
Your azure jelly hits the walking frostbound tome but does no damage.
Your azure jelly barely misses the walking frostbound tome.
Your azure jelly hits the walking frostbound tome.
Your azure jelly hits the walking frostbound tome!
The living spell casts itself at you.
The mass of ice explodes!
The iceblast engulfs you!! You partially resist.
* * * LOW HITPOINT WARNING * * *
The living spell casts itself at you.
The mass of ice explodes!
The iceblast engulfs you. You partially resist.
You die...

...#######..... #..#
##'#............ #...
#..#........... #...
#..'.......###'###..#
#..#....<..#........# #.
#.......#...[##..# #
#.......#...(##+##
#)......#...).....
#.###@......#....##...
#...).......#######..#
#....J*.....#....##..#
#....;......#.........
#...*.......#.........
......*......##....#...
.......#######.#....#...
......... ..p......#..Z
......... .....p...#...


You could see a walking frostbound tome (ally target), 3 living spells and a
friendly azure jelly (summoned).

Vanquished Creatures
  A caustic shrike (Depths:2)
  2 tentacled monstrosities (Depths:1)
  A lich (Abyss:2)
  3 sphinxes
  An ancient champion (Vaults:3)
  3 tentacled starspawn (Abyss:2)
  Agnes (D:15)
  A tengu reaver (Vaults:2)
  2 fire giants (Depths:2)
  7 vault wardens
  4 frost giants
  A caustic shrike zombie (Depths:1)
  11 ironbound preservers
  3 orc warlords
  5 ironbound thunderhulks
  A deep elf death mage (Vaults:3)
  4 stone giants
  3 very ugly things
  Nessos (D:15)
  A war gargoyle (Vaults:2)
  A vampire knight (Depths:1)
  The ghost of Couk the Blocker, a journeyman MiFi of Okawaru (Lair:2)
  A crystal guardian (Vaults:2)
  A blizzard demon (Depths:2)
  An ettin (Depths:1)
  5 fire dragons (Depths:1)
  8 vault guards (D:14)
  2 ice dragons (Depths:1)
  3 rakshasas
  Harold (D:11)
  4 yaktaur captains
  A sphinx zombie (Depths:1)
  A peacekeeper (Vaults:2)
  6 hydras
  Fannar (D:11)
  4 spriggan air magi (Depths:1)
  5 ironbound frosthearts
  6 centaur warriors
  7 boulder beetles
  An ogre mage (D:15)
  3 anacondas
  16 death yaks
  9 two-headed ogres
  A tengu warrior (Depths:1)
  Erica (Lair:2)
  A thrashing horror (Abyss:2)
  4 deep troll earth magi
  3 naga warriors
  Urug (D:13)
  6 orc high priests
  A wretched star (Abyss:2)
  3 hell knights
  2 naga sharpshooters (Snake:1)
  3 occultists
  3 shock serpents (Snake:1)
  2 skysharks
  A soul eater (Depths:2)
  Lodul (D:13)
  An iron troll (Depths:1)
  28 deep trolls
  2 large abominations (Abyss:2)
  2 mana vipers
  An arcanist (Vaults:2)
  4 lindwurms
  A tengu zombie (Depths:1)
  8 ironbound convokers
  A deep elf pyromancer (D:15)
  3 naga ritualists (Snake:1)
  2 necromancers
  3 phantasmal warriors
  Pikel (D:6)
  2 deep elf zephyrmancers
  10 orc knights
  9 ugly things
  3 orc sorcerers
  2 salamanders (Snake:1)
  A worldbinder (Abyss:2)
  4 cyclopes
  A manticore (D:12)
  Joseph (D:7)
  Maurice (D:10)
  A water nymph (shapeshifter) (Vaults:2)
  19 elephants
  A kobold blastminer (Orc:2)
  A guardian serpent (Snake:1)
  A centaur zombie (D:15)
  18 black mambas
  2 water nymphs
  3 naga magi (Snake:1)
  8 vault sentinels
  A stone giant skeleton (Depths:1)
  An ice statue (IceCv)
  3 gargoyles
  A storm dragon simulacrum (Depths:2)
  2 rime drakes
  10 cane toads
  Maggie (Lair:2)
  A kobold demonologist (D:10)
  2 tengu conjurers (Depths:1)
  An efreet (D:14)
  7 komodo dragons
  2 ancient zymes (Abyss:2)
  22 yaktaurs
  A spriggan skeleton (Depths:1)
  12 trolls
  12 polar bears
  A merfolk (Lair:3)
  A raiju (shapeshifter) (D:14)
  16 blink frogs
  4 dream sheep (Lair:4)
  A frost giant simulacrum (Depths:2)
  A centaur simulacrum (D:15)
  A vampire (D:14)
  4 air elementals (Elf:1)
  A wraith (D:13)
  2 small abominations (Abyss:2)
  2 wyverns
  An ettin skeleton (Depths:1)
  61 yaks
  A shadow (D:12)
  A ynoxinul (Abyss:2)
  2 wargs
  5 basilisks
  2 chaos spawn (Abyss:2)
  A death yak simulacrum (Lair:4)
  A human zombie (Depths:1)
  7 vampire mosquitoes
  An acid dragon (D:8)
  12 nagas
  10 water moccasins
  Duvessa (D:6)
  A hell hound (Abyss:2)
  2 ice beasts
  24 orc warriors
  2 sky beasts (D:7)
  A black bear (Lair:5)
  35 wolves
  2 centaurs
  A crocodile (shapeshifter) (D:14)
  19 ogres
  22 starcursed masses (Abyss:2)
  A phantom (D:5)
  2 kobold brigands
  A weeping skull (Abyss:2)
  2 gnoll sergeants
  3 scorpions
  A cane toad simulacrum (Lair:4)
  7 bullfrogs
  9 wights
  Dowan (D:6)
  30 killer bees
  6 howler monkeys
  An electric eel (D:9)
  2 bombardier beetles
  A gnoll bouda (D:7)
  20 orc priests
  2 hounds
  Terence (D:3)
  5 iguanas
  20 orc wizards
  7 hell rats
  A polar bear simulacrum (Lair:4)
  Robin (D:3)
  14 gnolls
  4 adders
  3 white imps
  4 dart slugs
  83 orcs
  3 ball pythons
  3 giant cockroaches
  12 goblins
  13 hobgoblins
  10 kobolds
  A quokka (D:5)
  5 bats
  3 frilled lizards
  3 rats (D:1)
935 creatures vanquished.

Vanquished Creatures (collateral kills)
  A death yak (IceCv)
  2 necromancers
  A deep elf zephyrmancer (Elf:1)
  A centaur skeleton (D:15)
  A glowing shapeshifter skeleton (Depths:1)
6 creatures vanquished.

Vanquished Creatures (others)
  An acid blob (Lair:4)
  An ironbound thunderhulk (Vaults:1)
  A great orb of eyes (Vaults:3)
  A yaktaur captain (Vaults:1)
  A two-headed ogre (shapeshifter) (Depths:2)
  A death yak (IceCv)
  A hell knight (Depths:1)
  2 glowing orange brains
  An arcanist (Vaults:1)
  A necromancer (Depths:2)
  An ugly thing (D:12)
  An elephant (Lair:4)
  A vault sentinel (Vaults:1)
  An eye of devastation (shapeshifter) (Abyss:2)
  14 slime creatures
  A water nymph (shapeshifter) (Depths:2)
  A yaktaur (Vaults:3)
  A polar bear (IceCv)
  2 glass eyes (Depths:1)
  2 shadows
  2 yaks
  3 basilisks (Lair:4)
  A steam dragon (D:9)
  2 water moccasins
  A black bear (Lair:1)
  A wolf (Lair:3)
  A lemure (D:6)
  A kobold brigand (D:3)
  4 bullfrogs
  A gnoll sergeant (D:9)
  2 killer bees (D:9)
  An elephant simulacrum (Lair:4)
  A howler monkey (D:9)
  2 orc priests (D:9)
  79 jellies
  A starcursed mass (Abyss:2)
  5 orc wizards
  5 gnolls
  An adder (D:2)
  2 dart slugs
  A ribbon worm (D:2)
  21 orcs
  A bat (D:2)
  2 endoplasms
  5 kobolds
  A rat (D:3)
  A butterfly (D:4)
  10 starspawn tentacles (Abyss:2)
194 creatures vanquished.

Grand Total: 1135 creatures vanquished

Notes
Turn   | Place    | Note
-------+----------+-------------------------------------------
     0 | D:1      | dialectric the Minotaur Fighter began the quest for the
                  | Orb.
     0 | D:1      | Reached XP level 1. HP: 19/19 MP: 0/0
   174 | D:1      | Reached XP level 2. HP: 26/27 MP: 1/1
   228 | D:1      | Found a faded altar of an unknown god.
   242 | D:1      | Prayed at the altar of an unknown god.
   242 | D:1      | Became a worshipper of Jiyva Jywoef the Shapeless
   242 | D:1      | Reached * piety under Jiyva
   622 | D:2      | Found a basalt altar of Yredelemnul.
   784 | D:2      | Reached skill level 1 in Dodging
   791 | D:2      | Reached XP level 3. HP: 33/33 MP: 2/2
   860 | D:2      | Reached ** piety under Jiyva
  1095 | D:2      | Found Teurhag's Antique Armour Boutique.
  1145 | D:2      | You fall into a shaft and drop 1 floor!
  1147 | D:3      | Found an ancient bone altar of Kikubaaqudgha.
  1209 | D:3      | Reached XP level 4. HP: 30/40 MP: 3/3
  1256 | D:3      | Found a broken altar of Ashenzari.
  1300 | D:3      | Noticed Robin
  1327 | D:3      | Killed Robin
  1348 | D:3      | Noticed Terence
  1362 | D:3      | Reached XP level 5. HP: 43/47 MP: 4/4
  1375 | D:3      | Killed Terence
  1527 | D:3      | Found a transporter.
  1532 | D:3      | Found a transporter.
  1540 | D:3      | Found a glowing silver altar of Zin.
  1644 | D:3      | Reached *** piety under Jiyva
  1654 | D:3      | Gained mutation: You are covered in slimy tendrils that may
                  | disarm your opponents. [Jiyva's grace]
  1654 | D:3      | Gained mutation: You possess an exceptional clarity of
                  | mind. [Jiyva's grace]
  1654 | D:3      | Gained mutation: You are partially covered in large bone
                  | plates. (SH +4) [Jiyva's grace]
  1654 | D:3      | Gained mutation: You are mostly covered in large bone
                  | plates. (SH +6) [Jiyva's grace]
  1718 | D:4      | Reached skill level 5 in Armour
  1727 | D:4      | Reached skill level 5 in Fighting
  1727 | D:4      | Reached XP level 6. HP: 56/56 MP: 5/5
  1949 | D:4      | Found a staircase to the Ecumenical Temple.
  1986 | D:4      | Reached **** piety under Jiyva
  2180 | D:5      | Entered Level 5 of the Dungeon
  2187 | D:5      | Found a radiant altar of Vehumet.
  2415 | D:5      | Reached skill level 5 in Maces & Flails
  2484 | D:5      | Found a basalt altar of Yredelemnul.
  2524 | D:5      | Reached XP level 7. HP: 60/62 MP: 6/6
  2962 | D:5      | Found a shimmering blue altar of Sif Muna.
  3262 | D:6      | Lost mutation: You are mostly covered in large bone plates.
                  | (SH +6) [Jiyva's grace]
  3262 | D:6      | Lost mutation: You possess an exceptional clarity of mind.
                  | [Jiyva's grace]
  3262 | D:6      | Gained mutation: You possess an exceptional clarity of
                  | mind. [Jiyva's grace]
  3262 | D:6      | Gained mutation: You are partially covered in iridescent
                  | scales. (AC +2) [Jiyva's grace]
  3262 | D:6      | Gained mutation: You are mostly covered in iridescent
                  | scales. (AC +4) [Jiyva's grace]
  3262 | D:6      | Gained mutation: You are completely covered in iridescent
                  | scales. (AC +6) [Jiyva's grace]
  3329 | D:6      | Found a bloodstained altar of Trog.
  3351 | D:6      | Noticed Dowan
  3351 | D:6      | Noticed Duvessa
  3371 | D:6      | Killed Duvessa
  3372 | D:6      | Reached XP level 8. HP: 64/71 MP: 7/7
  3378 | D:6      | Killed Dowan
  3392 | D:6      | Found a sacrificial altar of Ru.
  3421 | D:6      | Reached ***** piety under Jiyva
  3503 | D:6      | Noticed Pikel
  3529 | D:6      | Killed Pikel
  3700 | D:7      | Found a transporter.
  3703 | D:7      | Found a transporter.
  3709 | D:7      | Noticed a moth of wrath
  3710 | D:7      | Found a bloodstained altar of Trog.
  3710 | D:7      | Noticed Aldia's ghost (novice DECj)
  3712 | D:7      | Noticed a troll
  3925 | D:7      | Noticed Joseph
  3947 | D:7      | Reached XP level 9. HP: 82/82 MP: 8/8
  3979 | D:7      | Killed Joseph
  4291 | D:8      | Noticed a two-headed ogre
  4394 | D:9      | Reached skill level 10 in Fighting
  4406 | D:9      | Reached skill level 10 in Armour
  4448 | D:9      | Found a staircase to the Lair.
  4449 | D:9      | Noticed a komodo dragon
  4469 | D:9      | Killed a komodo dragon
  4527 | D:9      | Reached XP level 10. HP: 89/94 MP: 9/9
  4565 | D:9      | Reached skill level 10 in Maces & Flails
  4637 | D:8      | Killed a two-headed ogre
  4813 | D:8      | Lost mutation: You are completely covered in iridescent
                  | scales. (AC +6) [Jiyva's grace]
  4813 | D:8      | Lost mutation: You are covered in slimy tendrils that may
                  | disarm your opponents. [Jiyva's grace]
  4813 | D:8      | Gained mutation: You are completely covered in iridescent
                  | scales. (AC +6) [Jiyva's grace]
  4813 | D:8      | Gained mutation: Your natural rate of healing is unusually
                  | fast. [Jiyva's grace]
  4813 | D:8      | Gained mutation: You heal very quickly. [Jiyva's grace]
  4813 | D:8      | Gained mutation: You regenerate. [Jiyva's grace]
  5485 | D:9      | Found a staircase to the Orcish Mines.
  5503 | Orc:1    | Entered Level 1 of the Orcish Mines
  5671 | Lair:1   | Entered Level 1 of the Lair of Beasts
  5671 | Lair:1   | Noticed a cane toad
  5678 | Lair:1   | Killed a cane toad
  5744 | Lair:1   | Noticed a black mamba
  5750 | Lair:1   | Killed a black mamba
  5751 | Lair:1   | Reached XP level 11. HP: 100/104 MP: 10/10
  6098 | Lair:1   | Noticed an oklob plant
  6645 | Lair:2   | Noticed a skyshark
  6656 | Lair:2   | Killed a skyshark
  6778 | Lair:2   | Found a staircase to the Snake Pit.
  6803 | Lair:2   | Reached skill level 5 in Shields
  6898 | Lair:2   | Noticed Erica
  6910 | Lair:2   | Killed Erica
  6975 | Lair:2   | Noticed Maggie
  6995 | Lair:2   | Killed Maggie
  7037 | Lair:2   | Reached ****** piety under Jiyva
  7042 | Lair:2   | Found a transporter.
  7044 | Lair:2   | Noticed a six-headed hydra
  7048 | Lair:2   | Noticed Couk's ghost (journeyman MiFi)
  7048 | Lair:2   | Noticed a five-headed hydra
  7056 | Lair:2   | Noticed an eight-headed hydra
  7058 | Lair:2   | Lost mutation: You are completely covered in iridescent
                  | scales. (AC +6) [Jiyva's grace]
  7058 | Lair:2   | Lost mutation: You are mostly covered in iridescent scales.
                  | (AC +4) [Jiyva's grace]
  7058 | Lair:2   | Lost mutation: You regenerate. [Jiyva's grace]
  7058 | Lair:2   | Gained mutation: You expend magic power (3 MP) to
                  | strengthen your wands. [Jiyva's grace]
  7058 | Lair:2   | Gained mutation: You have large cloven feet. [Jiyva's
                  | grace]
  7058 | Lair:2   | Gained mutation: You have hoof-like feet. [Jiyva's grace]
  7058 | Lair:2   | Gained mutation: You have hooves in place of feet. [Jiyva's
                  | grace]
  7083 | Lair:2   | Found a transporter.
  7230 | Lair:3   | Noticed Sitazake's ghost (journeyman TrWr)
  7283 | Lair:3   | Found a transporter.
  7313 | Lair:3   | Found a transporter.
  7341 | Lair:3   | Reached XP level 12. HP: 115/115 MP: 11/11
  7730 | Lair:3   | Found a staircase to the Shoals.
  7751 | Shoals:1 | Entered Level 1 of the Shoals
  7802 | Lair:3   | Noticed a five-headed hydra
  7813 | Lair:3   | Killed a five-headed hydra
  8137 | Lair:4   | Noticed a four-headed hydra
  8146 | Lair:4   | Killed a four-headed hydra
  8194 | Lair:4   | Noticed a death yak
  8194 | Lair:4   | Noticed a death yak
  8195 | Lair:4   | Noticed a death yak
  8195 | Lair:4   | Noticed a death yak
  8211 | Lair:3   | Killed a death yak
  8222 | Lair:3   | Killed a death yak
  8271 | Lair:4   | Found a frozen archway.
  8280 | IceCv    | Entered an ice cave
  8386 | IceCv    | Lost mutation: You have hooves in place of feet. [Jiyva's
                  | grace]
  8386 | IceCv    | Gained mutation: You are mostly covered in iridescent
                  | scales. (AC +4) [Jiyva's grace]
  8386 | IceCv    | Gained mutation: You are completely covered in iridescent
                  | scales. (AC +6) [Jiyva's grace]
  8386 | IceCv    | Gained mutation: You passively map a small area around you.
                  | [Jiyva's grace]
  8386 | IceCv    | Gained mutation: You passively map the area around you.
                  | [Jiyva's grace]
  8439 | IceCv    | Reached XP level 13. HP: 125/125 MP: 12/12
  8683 | IceCv    | Reached skill level 1 in Shapeshifting
  8757 | IceCv    | Reached skill level 15 in Fighting
  8819 | IceCv    | Noticed a frost giant
  8825 | IceCv    | a death yak changed into an acid blob
  8825 | IceCv    | Noticed an acid blob
  8833 | IceCv    | Killed a frost giant
  8834 | IceCv    | Reached skill level 15 in Armour
  9256 | Lair:4   | a six-headed hydra changed into an acid blob
  9256 | Lair:4   | Noticed an acid blob
  9261 | Lair:4   | Killed an acid blob
  9263 | Lair:4   | a seven-headed hydra changed into an azure jelly
  9263 | Lair:4   | Noticed an azure jelly
  9299 | Lair:4   | Reached skill level 15 in Maces & Flails
  9347 | Lair:4   | Reached skill level 10 in Shields
  9776 | Lair:5   | Entered Level 5 of the Lair of Beasts
 10230 | Lair:5   | Reached XP level 14. HP: 129/135 MP: 13/13
 10262 | Lair:5   | Found a staircase to the Slime Pits.
 10537 | Slime:1  | Entered Level 1 of the Pits of Slime
 10537 | Slime:1  | Noticed a rockslime
 10548 | Slime:1  | Noticed a rockslime
 10548 | Slime:2  | Noticed a quicksilver ooze
 10555 | Slime:3  | Noticed an azure jelly
 10555 | Slime:3  | Noticed an acid blob
 10572 | Slime:5  | Entered Level 5 of the Pits of Slime
 10572 | Slime:5  | Noticed an acid blob
 10572 | Slime:5  | Noticed a formless jellyfish
 10572 | Slime:5  | Noticed a formless jellyfish
 10576 | Slime:5  | Noticed a formless jellyfish
 10590 | Slime:5  | Noticed a rockslime
 10591 | Slime:5  | Found a viscous altar of Jiyva.
 10591 | Slime:5  | Noticed an acid blob
 10592 | Slime:5  | Noticed an azure jelly
 10592 | Slime:5  | Noticed the Royal Jelly
 10592 | Slime:5  | Noticed an azure jelly
 10592 | Slime:5  | Noticed an acid blob
 10592 | Slime:5  | Noticed an acid blob
 10593 | Slime:5  | Noticed an acid blob
 10593 | Slime:5  | Noticed an acid blob
 10593 | Slime:5  | Noticed an acid blob
 10594 | Slime:5  | Noticed an acid blob
 10594 | Slime:5  | Noticed an acid blob
 10600 | Slime:5  | Identified the +4 trident of the New World {elec, rPois
                  | SInv}
 10602 | Slime:5  | Identified the +3 cloak of Nemelex Xobeh {rPois Str+4
                  | Stlth+}
 10605 | Slime:5  | Noticed an acid blob
 10614 | Slime:5  | Noticed a rockslime
 10621 | Slime:5  | Got a starry gem with 518 turns to spare
 10621 | Slime:5  | Got a slimy rune of Zot
 10631 | Slime:5  | Got the Compilation of the Shot and Unspeakable Mysteries
 10639 | Slime:5  | Noticed a quicksilver ooze
 10650 | Slime:5  | Identified the +0 short sword "Rosheytt" {elec, ^Contam
                  | *Noise Dex+8 SInv}
 10700 | Slime:4  | Noticed a quicksilver ooze
 10708 | Slime:2  | Noticed an acid blob
 10809 | Lair:5   | Identified the +1 robe of the Hidden Vale {Dex+3}
 11474 | Orc:1    | Lost mutation: You have hoof-like feet. [Jiyva's grace]
 11474 | Orc:1    | Lost mutation: You are completely covered in iridescent
                  | scales. (AC +6) [Jiyva's grace]
 11474 | Orc:1    | Lost mutation: You are partially covered in large bone
                  | plates. (SH +4) [Jiyva's grace]
 11474 | Orc:1    | Lost mutation: You possess an exceptional clarity of mind.
                  | [Jiyva's grace]
 11474 | Orc:1    | Lost mutation: You passively map the area around you.
                  | [Jiyva's grace]
 11474 | Orc:1    | Gained mutation: Armour fits poorly on your pseudopods.
                  | [Jiyva's grace]
 11474 | Orc:1    | Gained mutation: Armour fits poorly on your large
                  | pseudopods. [Jiyva's grace]
 11474 | Orc:1    | Gained mutation: Armour fits poorly on your massive
                  | pseudopods. [Jiyva's grace]
 11474 | Orc:1    | Gained mutation: You have acidic saliva. [Jiyva's grace]
 11911 | Orc:2    | Entered Level 2 of the Orcish Mines
 11928 | Orc:2    | Found Inino's Antique Weapon Shoppe.
 11983 | Orc:2    | Found Eggamogee's Antique Armour Shoppe.
 12190 | Orc:2    | Found Wiha Uxt's Book Boutique.
 12190 | Orc:2    | Noticed an orc warlord
 12265 | D:10     | Entered Level 10 of the Dungeon
 12581 | D:10     | Noticed Maurice
 12590 | D:10     | Killed Maurice
 12687 | D:10     | Found a glowing golden altar of the Shining One.
 12690 | D:10     | Found a hide-covered altar of Uskayaw.
 13567 | D:11     | Lost mutation: You heal very quickly. [Jiyva's grace]
 13567 | D:11     | Lost mutation: You expend magic power (3 MP) to strengthen
                  | your wands. [Jiyva's grace]
 13567 | D:11     | Gained mutation: You have a somewhat thin skeletal
                  | structure. (Dex +2, Stealth+) [Jiyva's grace]
 13567 | D:11     | Gained mutation: You have a moderately thin skeletal
                  | structure. (Dex +4, Stealth++) [Jiyva's grace]
 13567 | D:11     | Gained mutation: You have an unnaturally thin skeletal
                  | structure. (Dex +6, Stealth+++) [Jiyva's grace]
 13567 | D:11     | Gained mutation: You are agile. (Dex +4, Str/Int -1)
                  | [Jiyva's grace]
 13578 | D:11     | Noticed Fannar
 13592 | D:11     | Killed Fannar
 13696 | D:11     | Found Bucsubace's Weapon Shop.
 13898 | D:11     | Noticed Harold
 13904 | D:11     | Killed Harold
 14150 | D:12     | Found a hide-covered altar of Uskayaw.
 14767 | D:13     | Noticed Lodul
 14775 | D:13     | Killed Lodul
 14859 | D:13     | Noticed Urug
 14872 | D:13     | Killed Urug
 15001 | D:14     | Reached XP level 15. HP: 140/145 MP: 14/14
 15384 | D:14     | Found a gate to the Vaults.
 15474 | D:15     | Entered Level 15 of the Dungeon
 15504 | D:15     | Lost mutation: You passively map a small area around you.
                  | [Jiyva's grace]
 15504 | D:15     | Lost mutation: You have acidic saliva. [Jiyva's grace]
 15504 | D:15     | Gained mutation: You have supernaturally acute eyesight.
                  | (SInv) [Jiyva's grace]
 15504 | D:15     | Gained mutation: You have a small jelly attached to you
                  | that may absorb projectiles. [Jiyva's grace]
 15504 | D:15     | Gained mutation: Your body has grown eyes which may confuse
                  | attackers. (Acc +3) [Jiyva's grace]
 15504 | D:15     | Gained mutation: Your body has grown many eyes which may
                  | confuse attackers. (Acc +5) [Jiyva's grace]
 15556 | D:15     | Found a hazy altar of Hepliaklqana.
 16043 | D:15     | Found Ulyif's Jewellery Shoppe.
 16103 | D:15     | Noticed Nessos
 16120 | D:15     | Killed Nessos
 16341 | D:15     | Noticed Agnes
 16347 | D:15     | Killed Agnes
 16563 | D:15     | Found a staircase to the Depths.
 16580 | Depths:1 | Entered Level 1 of the Depths
 16617 | Depths:1 | Found Pefy's Antique Weapon Shoppe.
 16754 | Depths:1 | Noticed a sphinx
 16760 | Depths:1 | Killed a sphinx
 16985 | Abyss:2  | Cast into level 2 of the Abyss (an occultist)
 17000 | Abyss:2  | Found a transporter.
 17000 | Abyss:2  | Noticed a tentacled starspawn
 17002 | Abyss:2  | Found a corrupted altar of Lugonu.
 17002 | Abyss:2  | Found a transporter.
 17002 | Abyss:2  | Noticed a tentacled starspawn
 17003 | Abyss:2  | Noticed a tentacled starspawn
 17010 | Abyss:2  | Lost intelligence.
 17014 | Abyss:2  | Killed a tentacled starspawn
 17014 | Abyss:2  | Paralysed by accursed screaming for 2 turns
 17022 | Abyss:2  | Killed a tentacled starspawn
 17032 | Abyss:2  | Killed a tentacled starspawn
 17079 | Abyss:2  | Found a transporter.
 17084 | Abyss:2  | Identified the ring of the Enormous Pear {Int+2 SInv}
 17118 | Abyss:2  | Found a corrupted altar of Lugonu.
 17156 | Abyss:2  | Noticed a lich
 17161 | Abyss:2  | Killed a lich
 17162 | Abyss:2  | Reached XP level 16. HP: 145/155 MP: 15/15
 17222 | Depths:1 | Escaped the Abyss
 17530 | Orc:2    | Found a staircase to the Elven Halls.
 17620 | Orc:2    | Lost mutation: You are mostly covered in iridescent scales.
                  | (AC +4) [Jiyva's grace]
 17620 | Orc:2    | Lost mutation: You have supernaturally acute eyesight.
                  | (SInv) [Jiyva's grace]
 17620 | Orc:2    | Lost mutation: Your body has grown many eyes which may
                  | confuse attackers. (Acc +5) [Jiyva's grace]
 17620 | Orc:2    | Lost mutation: Armour fits poorly on your massive
                  | pseudopods. [Jiyva's grace]
 17620 | Orc:2    | Lost mutation: You have a small jelly attached to you that
                  | may absorb projectiles. [Jiyva's grace]
 17620 | Orc:2    | Gained mutation: Your body has grown many eyes which may
                  | confuse attackers. (Acc +5) [Jiyva's grace]
 17620 | Orc:2    | Gained mutation: Your body is covered in eyes which may
                  | confuse attackers. (Acc +7, SInv) [Jiyva's grace]
 17620 | Orc:2    | Gained mutation: You have hoof-like feet. [Jiyva's grace]
 17620 | Orc:2    | Gained mutation: You have hooves in place of feet. [Jiyva's
                  | grace]
 17683 | Orc:2    | Found Oddacw's General Store.
 18007 | Elf:1    | Entered Level 1 of the Elven Halls
 18010 | Elf:1    | Paralysed by an air elemental for 1 turns
 18017 | Elf:1    | Paralysed by an air elemental for 1 turns
 18023 | Elf:1    | Paralysed by an air elemental for 1 turns
 18023 | Elf:1    | HP: 6/155 [air elemental/stunning burst (16)]
 18174 | Lair:2   | Lost mutation: You have hooves in place of feet. [potion of
                  | mutation]
 18174 | Lair:2   | Lost mutation: You have hoof-like feet. [potion of
                  | mutation]
 18174 | Lair:2   | Lost mutation: You are agile. (Dex +4, Str/Int -1) [potion
                  | of mutation]
 18258 | Lair:2   | Killed Couk's ghost
 18468 | Snake:1  | Entered Level 1 of the Snake Pit
 18473 | Snake:1  | Found Dyiriagg's Antique Weapon Emporium.
 18473 | Snake:1  | Found Zoach's Book Shoppe.
 18477 | Snake:1  | Found Naomoidomo's Magic Scroll Emporium.
 18485 | Snake:1  | Bought a scroll of teleportation for 36 gold pieces
 18485 | Snake:1  | Bought a scroll of teleportation for 36 gold pieces
 18485 | Snake:1  | Bought a scroll of blinking for 90 gold pieces
 18485 | Snake:1  | Bought a scroll of blinking for 90 gold pieces
 19793 | D:15     | Bought an amulet of the acrobat for 510 gold pieces
 19863 | Vaults:1 | Entered Level 1 of the Vaults
 19868 | Vaults:1 | Lost mutation: You are partially covered in iridescent
                  | scales. (AC +2) [Jiyva's grace]
 19868 | Vaults:1 | Lost mutation: You have an unnaturally thin skeletal
                  | structure. (Dex +6, Stealth+++) [Jiyva's grace]
 19868 | Vaults:1 | Lost mutation: You have a moderately thin skeletal
                  | structure. (Dex +4, Stealth++) [Jiyva's grace]
 19868 | Vaults:1 | Lost mutation: Your natural rate of healing is unusually
                  | fast. [Jiyva's grace]
 19868 | Vaults:1 | Gained mutation: You have a small jelly attached to you
                  | that senses nearby items. [Jiyva's grace]
 19868 | Vaults:1 | Gained mutation: You have an increased reservoir of magic.
                  | (+10% MP) [Jiyva's grace]
 19868 | Vaults:1 | Gained mutation: You have a considerably increased
                  | reservoir of magic. (+20% MP) [Jiyva's grace]
 19868 | Vaults:1 | Gained mutation: You have a greatly increased reservoir of
                  | magic. (+30% MP) [Jiyva's grace]
 20908 | Vaults:2 | Noticed a sphinx
 20916 | Vaults:2 | Killed a sphinx
 20917 | Vaults:2 | Reached XP level 17. HP: 139/159 MP: 21/21
 21031 | Vaults:2 | Lost mutation: You have a greatly increased reservoir of
                  | magic. (+30% MP) [Jiyva's grace]
 21031 | Vaults:2 | Lost mutation: You have a considerably increased reservoir
                  | of magic. (+20% MP) [Jiyva's grace]
 21031 | Vaults:2 | Lost mutation: Your body is covered in eyes which may
                  | confuse attackers. (Acc +7, SInv) [Jiyva's grace]
 21031 | Vaults:2 | Lost mutation: Your body has grown many eyes which may
                  | confuse attackers. (Acc +5) [Jiyva's grace]
 21031 | Vaults:2 | Lost mutation: Armour fits poorly on your large pseudopods.
                  | [Jiyva's grace]
 21031 | Vaults:2 | Lost mutation: You have a small jelly attached to you that
                  | senses nearby items. [Jiyva's grace]
 21031 | Vaults:2 | Gained mutation: You have a small jelly attached to you
                  | that may absorb projectiles. [Jiyva's grace]
 21031 | Vaults:2 | Gained mutation: Your muscles are strong. (Str +4, Int/Dex
                  | -1) [Jiyva's grace]
 21031 | Vaults:2 | Gained mutation: Your muscles are very strong. (Str +8,
                  | Int/Dex -2) [Jiyva's grace]
 21031 | Vaults:2 | Gained mutation: You expend magic power (3 MP) to
                  | strengthen your wands. [Jiyva's grace]
 21101 | Vaults:2 | Reached skill level 1 in Evocations
 21170 | Vaults:2 | Identified the staff "Wewirgh" {rN+ Int+3 Necro}
 21922 | Vaults:2 | Identified the +6 broad axe of Moral Flaws {antimagic,
                  | rPois rF++ rN+ Str-2}
 22427 | Vaults:3 | Found a staircase to the Crypt.
 22492 | Vaults:3 | Reached skill level 15 in Shields
 22876 | Vaults:3 | Noticed a sphinx
 22883 | Vaults:3 | Killed a sphinx
 22929 | Vaults:3 | Reached XP level 18. HP: 173/173 MP: 18/18
 23036 | Vaults:3 | Lost mutation: You have an increased reservoir of magic.
                  | (+10% MP) [Jiyva's grace]
 23036 | Vaults:3 | Lost mutation: Your muscles are very strong. (Str +8,
                  | Int/Dex -2) [Jiyva's grace]
 23036 | Vaults:3 | Gained mutation: Your melee attacks may engulf your foes in
                  | ooze. [Jiyva's grace]
 23036 | Vaults:3 | Gained mutation: Your translucent skin slightly reduces
                  | your foes' accuracy. (Stealth+) [Jiyva's grace]
 23036 | Vaults:3 | Gained mutation: Your translucent skin reduces your foes'
                  | accuracy. (Stealth+) [Jiyva's grace]
 23036 | Vaults:3 | Gained mutation: Your transparent skin significantly
                  | reduces your foes' accuracy. (Stealth+) [Jiyva's grace]
 23379 | Vaults:3 | Found a runed translucent door.
 23379 | Vaults:3 | Noticed Joextigh's ghost (veteran KoHu)
 23879 | Depths:1 | Found a glowing golden altar of the Shining One.
 24006 | Depths:1 | Noticed a tentacled monstrosity
 24010 | Depths:1 | Noticed a tentacled monstrosity
 24025 | Depths:1 | Killed a tentacled monstrosity
 24081 | Depths:1 | Killed a tentacled monstrosity
 24194 | Depths:1 | Found a gateway to Hell.
 24392 | Hell     | Entered the Vestibule of Hell
 24392 | Hell     | Noticed Geryon
 24434 | Depths:2 | Noticed a caustic shrike
 24632 | Depths:1 | Found an ancient bone altar of Kikubaaqudgha.
 24755 | Depths:2 | Killed a caustic shrike
 24788 | Depths:2 | HP: 3/163 [living spell/iceblast[a walking frostbound tome]
                  | (19)]
 24788 | Depths:2 | Killed from afar by a living spell

Illustrated notes

Levels and vault maps discovered:
D:1:      lightli_arrival_boilingwater, layout_loops_ring,
          hellmonk_ecumenical_altar_zigzags, minivault_26
D:2:      layout_loops_ring, basic_altar, serial_shops,
          nicolae_shop_real_fake_doors, chequers_big_river,
          corexii_corridor_pit, minmay_box_of_dots
D:3:      layout_basic, mainiacjoe_overflow_24_doors,
          gammafunk_temple_overflow_arena, general_overflow_altar, uniq_terence,
          uniq_robin
D:4:      layout_cave_pools, minmay_temple_entry_butterflies, minmay_cupped
D:5:      nicolae_cairo_tiling, layout_basic, fiery_altar_vehumet,
          kennysheep_little_box, led_sif_pool
D:6:      layout_gridville, nicolae_ru_path_of_blood, trog_book, uniq_pikel,
          uniq_duvessa
D:7:      layout_basic, gammafunk_ghost_wrathful_warriors,
          serial_library_hellmonk_open_square, uniq_joseph
D:8:      layout_loops_cross, mainiacjoe_overflow_big_doors,
          serial_park_tiny_pond, abandoned_shop, minmay_small_thing
D:9:      layout_cave_pools, david_lair_shrubbed, erik_orc_2
D:10:     minmay_evil_eye, layout_layer_cave, minitemple,
          minmay_misc_feat_rugged, lightli_minifort, uniq_maurice
D:11:     layout_basic, serial_shops, shop, uniq_fannar, uniq_harold
D:12:     layout_cave_pools, nicolae_uskayaw_en_pointe
D:13:     layout_rooms, uniq_urug, uniq_lodul
D:14:     layout_cross, erik_vaults_2, kennysheep_minor_cross
D:15:     grunt_enter_depths_magical_seal, layout_layer_cave, serial_shops,
          nicolae_shop_tiny_statue_garden, minmay_misc_feat_cross,
          nicolae_hepliaklqana_hazy_memory, uniq_agnes, uniq_nessos
Lair:1:   layout_small_grid, beast_lair_carwin_9
Lair:2:   layout_cellular_growth, minmay_snake_entry_guardpost_small,
          nzn_ghost_randoct, grunt_megastairs_2, uniq_erica, uniq_maggie
Lair:3:   layout_hall_layers, nicolae_shoals_entry_flooding,
          gammafunk_ghost_berserking_beasts, grunt_megastairs_1,
          lemuel_fruit_tree
Lair:4:   beast_lair_carwin_large_1, layout_hall_layers,
          portal_ice_cave_entry_ice_simulacra, fungi_pond_lemuel,
          kennysheep_basilisk_garden
Lair:5:   grunt_lair_end_beastmaster, layout_cellular_growth, slime_entry_1,
          chequers_serial_rivers_small_3
Shoals:1: layout_shoals
Snake:1:  layout_cave_pods, grunt_megastairs_5, minmay_shop_star,
          serial_bayou_shore_b
Snake:2:  layout_misc_corridors, grunt_megastairs_3, uniq_mlioglotl
Slime:1:  layout_caves, cheibrodos_slime_lost_civilization_4
Slime:2:  layout_caves
Slime:3:  layout_caves, cheibrodos_slime_lost_civilization_7
Slime:4:  layout_caves
Slime:5:  slime_pit
Orc:1:    layout_caves, basic_altar, lightli_church_of_beogh
Orc:2:    grunt_orc_gardens, layout_diamond_mine, grunt_orc_garden,
          grunt_orc_garden, grunt_orc_garden, grunt_orc_garden,
          kennysheep_orc_chapel
Elf:1:    nicolae_elf_arrival_aired_out, layout_onion_city,
          hangedman_elf_disciples
Vaults:1: nicolae_vaults_wine_cellar, nicolae_vaults_network_quinsquares
          [nicolae_vaults_network_quincunx_subvault,
          nicolae_vaults_network_quincunx_subvault,
          nicolae_vaults_network_quincunx_subvault,
          nicolae_vaults_network_quincunx_subvault], nicolae_vaults_trapezoid_4,
          nicolae_vaults_trapezoid_3, nicolae_vaults_tetromino_T_2,
          nicolae_vaults_offset_grid_hallway_1, v_misc_12, nicolae_vaults_prndl,
          nicolae_vaults_variable_pillar_hall, v_misc_24,
          nicolae_vaults_asterisk, nicolae_vaults_tetromino_L_1,
          nicolae_vaults_trapezoid_2, nicolae_vaults_diamond_2,
          layout_vaults_omnicross
Vaults:2: grunt_vaults_funneled_arena, nicolae_vaults_little_squares_6,
          ontoclasm_vaults_misaligned, nicolae_vaults_storage_closets_1,
          nicolae_vaults_inception_corners, nicolae_vaults_storage_closets_2,
          nicolae_vaults_yaktaur_gun_rack, nicolae_vaults_offset_grid_hallway_1,
          nicolae_vaults_closet_pinwheel_2, hangedman_vaults_slice,
          layout_vaults_maze_snakey
Vaults:3: gammafunk_ghost_grave, ontoclasm_vaults_tryst, v_misc_32,
          nicolae_vaults_tetromino_T_2, v_misc_4, grunt_vaults_bifocal,
          minmay_crypt_entry_simple_round, nicolae_vaults_puzzle_piece,
          nicolae_vaults_little_squares_1, ontoclasm_vaults_chip,
          nicolae_vaults_surprise_closet, layout_vaults_quadrants
Depths:1: minmay_blocking_statues, layout_honeycomb, lemuel_doored_altar,
          hell_entry, serial_shops, shop, tso_metal_star
Depths:2: minmay_swirls_squares, layout_gridville, rand_demon_pan_entry_8,
          hell_entry
Hell

Skill      XL: |  1  2  3  4  5  6  7  8  9 10 11 12 13 14 15 16 17 18 |
---------------+-------------------------------------------------------+-----
Fighting       | 4 5 6 8 10 12 13 14 15 16 17 18 19 | 19.1
Armour         | 4 5 6 8 10 11 13 14 15 17 18 20 21 22 | 22.0
Dodging        | 1 2 3 4 |  4.0
Maces & Flails | 3 4 5 6 8 9 11 13 14 15 17 19 20 21 22 | 22.2
Shields        | 6 9 10 11 13 14 15 | 15.6
Shapeshifting  | 4 |  4.0
Evocations     | 3 4 |  4.7

Action                     |  1- 3 |  4- 6 |  7- 9 | 10-12 | 13-15 | 16-18 || total
---------------------------+-------+-------+-------+-------+-------+-------++-------
  Melee: Flail             |    35 |       |       |       |       |       ||    35
         Headbutt          |     6 |    20 |    59 |   176 |   390 |   189 ||   840
         Whip              |    11 |   154 |   260 |   768 |  1120 |       ||  2313
         Punch             |     1 |     2 |     3 |     5 |    17 |       ||    28
         Kick              |       |       |       |   138 |   387 |    11 ||   536
         Pseudopods        |       |       |       |       |   172 |   204 ||   376
         Bite              |       |       |       |       |    73 |       ||    73
         Dire flail        |       |       |       |       |    10 |       ||    10
         Great mace        |       |       |       |       |   197 |   763 ||   960
 Invoke: Slimify           |       |       |     1 |     1 |     4 |     3 ||     9
  Evoke: Lightning rod     |       |       |       |     1 |     1 |     2 ||     4
    Use: Scroll            |       |     1 |     3 |     7 |    16 |     7 ||    34
         Potion            |       |       |     2 |       |     5 |     3 ||    10
   Stab: Distracted        |       |       |       |       |     2 |       ||     2
         Confused          |       |       |       |       |     4 |    21 ||    25
 Armour: Scale mail        |    32 |    87 |   159 |    64 |       |       ||   342
         Acid dragon scale |       |       |       |   284 |       |       ||   284
         Gold dragon scale |       |       |       |    24 |  1022 |   754 ||  1800
  Dodge: Dodged            |    31 |    79 |   146 |   311 |   634 |   653 ||  1854
  Block: Other             |       |    21 |    41 |    82 |    79 |       ||   223

Table legend: (Time is in decaauts)
 A = Elapsed time spent in this place.
 B = Non-inter-level travel time spent in this place.
 C = Inter-level travel time spent in this place.
 D = Time resting spent in this place.
 E = Time spent auto-exploring this place.
 F = Levels seen in this place.
 G = Mean time per level.
                   A        B        C        D        E       F      G
               +--------+--------+--------+--------+--------+-----+--------+
         Total |  23615 |  22212 |   1403 |    238 |  14606 |  39 |  605.5 |
       Dungeon |  10375 |   9597 |    778 |      0 |   6942 |  15 |  691.7 |
          Lair |   4260 |   4038 |    222 |      0 |   2576 |   5 |  852.0 |
        Shoals |     37 |     37 |      0 |      0 |      0 |   1 |   37.0 |
     Snake Pit |   1135 |   1017 |    118 |      4 |    697 |   2 |  567.5 |
    Slime Pits |    189 |    166 |     23 |      0 |      5 |   5 |   37.8 |
  Orcish Mines |   1387 |   1273 |    114 |     46 |    724 |   2 |  693.5 |
   Elven Halls |     16 |     16 |      0 |      0 |      0 |   1 |   16.0 |
        Vaults |   3631 |   3523 |    108 |     83 |   2472 |   3 | 1210.3 |
        Depths |   1496 |   1458 |     38 |    105 |    771 |   2 |  748.0 |
          Hell |      4 |      4 |      0 |      0 |      0 |   1 |    4.0 |
         Abyss |    236 |    236 |      0 |      0 |      0 |   1 |  236.0 |
      Ice Cave |    843 |    843 |      0 |      0 |    419 |   1 |  843.0 |
               +--------+--------+--------+--------+--------+-----+--------+

Top non-repeatable levels by time:
Vaults:3: 1355 daAuts
Depths:1: 1320 daAuts
    D:15: 1232 daAuts
Vaults:2: 1219 daAuts
    D:10: 1102 daAuts
  Lair:5: 1077 daAuts
 Snake:1: 1074 daAuts
Vaults:1: 1056 daAuts
     D:9: 1054 daAuts
  Lair:1: 930 daAuts
     D:5: 907 daAuts
  Lair:3: 860 daAuts
   IceCv: 843 daAuts
   Orc:2: 786 daAuts
  Lair:2: 782 daAuts
